 Dungeon Crawl Stone Soup version 0.31-a0-981-geadf994542 (webtiles) character file.

Game seed: 7140518105760175217

256 Persephone the Trooper (level 5, -4/46 HPs)
             Began as a Demigod Shapeshifter on Oct 31, 2023.
             Slain by Grinder (6 damage)
             ... while paralysed by Grinder
             ... on level 3 of the Dungeon.
             The game lasted 00:02:37 (2419 turns).

Persephone the Trooper (Demigod Shapeshifter)       Turns: 2419, Time: 00:02:38

Health: -4/46      AC:  3    Str: 19    XL:     5   Next: 60%
Magic:  0/7        EV: -1    Int: 12    God:
Gold:   127        SH:  0    Dex: 13    Spells: 4/4 levels left

rFire   + .          .
                       - Unarmed
rCold   . . .        (no shield)
rNeg    . . .        m - +1 robe {rF+}
rPois   .            (helmet currently unavailable)
rElec   .            (cloak currently unavailable)
rCorr   .            (gloves currently unavailable)
SInv    .            (boots currently unavailable)
Will    .....        h - amulet of guardian spirit
Stlth   +            (no ring)
HPRegen 0.27/turn    (no ring)
MPRegen 0.10/turn

%: guardian spirit
@: paralysed, beast-form, constricted
A: beast (slay +2), high MP 1, forlorn, divine attributes
a: Begin Untransformation


You were on level 3 of the Dungeon.
You were a hulking beast.
You visited 1 branch of the dungeon, and saw 3 of its levels.

You collected 127 gold pieces.

Inventory:

Hand Weapons
 n - a +0 scythe of flaming
Armour
 a - a +0 animal skin
 m - a +1 robe of fire resistance (worn)
Jewellery
 e - a ring of flight
 h - an amulet of guardian spirit (around neck)
Talismans
 c - a beast talisman
 d - a flux talisman
Wands
 l - a wand of flame (18)
Scrolls
 f - 2 scrolls of teleportation {unknown}
 g - a scroll of fog {unknown}
Potions
 b - 2 potions of lignification
 i - 2 potions of invisibility {unknown}
 j - a potion of haste {unknown}


   Skills:
 * Level 3.8 Fighting
 - Level 1.7 Dodging
 + Level 3.8 Unarmed Combat
 + Level 3.6 Shapeshifting


You had 4 spell levels left.
You didn't know any spells.
Your spell library contained the following spells:

 Spells                   Type           Power      Damage    Failure   Level
 Foxfire                  Conj/Fire      0%         2x1d4     32%         1
 Freeze                   Ice            0%         1d3       32%         1
 Cigotuvi's Dreadful Rot  Necr/Pois/Air  0%         N/A       45%         2
 Ozocubu's Armour         Ice            0%         N/A       69%         3
 Summon Ice Beast         Ice/Summ       0%         N/A       97%         4
 Plasma Beam              Fire/Air       0%         2x1d10    100%        6
 Starburst                Conj/Fire      0%         6d3       100%        6


Dungeon Overview and Level Annotations

Branches:
Dungeon (3/15)

Annotations:
D:3 Grinder


Innate Abilities, Weirdness & Mutations

You are a hulking beast.
Your limbs bulge with bestial killing power. (Slay +2)
You have an increased reservoir of magic. (+10% MP)
You shall have no god before yourself.
Your divine heritage dramatically boosts your attributes as you level up.


Message History

The ball python barely misses you. The ball python constricts you.
Grinder closely misses you. The endoplasm barely misses you.
You hit Grinder. You punch Grinder.
Grinder is heavily wounded.
The ball python bites you. The ball python constricts you.
The endoplasm hits you but does no damage.
Grinder gestures at you. Pain shoots through your body!
You hit Grinder.
Grinder is severely wounded.
Grinder looks more healthy.
The ball python barely misses you. The ball python constricts you.
The endoplasm freezes you.
You are frozen.
Grinder hits you but does no damage.
You hit Grinder.
Grinder is almost dead.
The ball python bites you. The ball python constricts you.
The endoplasm closely misses you. Grinder barely misses you.
You completely miss Grinder.
Grinder is almost dead.
The ball python bites you but does no damage.
The ball python constricts you. The endoplasm hits you.
Grinder gestures at you.
You suddenly lose the ability to move!
The ball python bites you. The ball python constricts you.
The endoplasm hits you.
The ball python bites you but does no damage.
The ball python constricts you. Grinder hits you!
* * * LOW HITPOINT WARNING * * *
You writhe in agony.
* * * LOW HITPOINT WARNING * * *
The ball python bites you.
* * * LOW HITPOINT WARNING * * *
The ball python constricts you.
The endoplasm hits you but does no damage.
Grinder hits you.
* * * LOW HITPOINT WARNING * * *
You writhe in agony.
You die...
Grinder says, "Now the real fun starts!"

....... ....._.
..(.... .......
....... .....(.
#########S.(....
........hJ......
############.#5######
#..........#.#.#
#.######.###.#.# #.#
#.....#.# #.#
####.#### #.# #.#
####.# #.# ...#.# #.#


You could see Grinder, an endoplasm and a ball python.

Vanquished Creatures
  Sigmund (D:2)
  4 adders
  A worm (D:2)
  A ball python (D:1)
  6 endoplasms
  2 giant cockroaches
  6 goblins
  5 hobgoblins
  3 jackals
  7 kobolds
  5 bats
  8 frilled lizards
  4 rats (D:2)
53 creatures vanquished.

Notes
Turn   | Place    | Note
-------+----------+-------------------------------------------
     0 | D:1      | Persephone the Demigod Shapeshifter began the quest for the
                  | Orb.
     0 | D:1      | Reached XP level 1. HP: 15/15 MP: 3/3
    41 | D:1      | Reached skill level 1 in Fighting
   170 | D:1      | Reached XP level 2. HP: 20/23 MP: 4/4
   287 | D:1      | Got the Elucidation of the Tundra and the Scorpion
   824 | D:2      | Reached XP level 3. HP: 23/29 MP: 5/5
  1537 | D:2      | Reached XP level 4. HP: 37/37 MP: 6/6
  1718 | D:2      | Noticed Sigmund
  1731 | D:2      | Killed Sigmund
  1732 | D:2      | Reached XP level 5. HP: 31/46 MP: 4/7
  2406 | D:3      | Noticed Grinder
  2417 | D:3      | Paralysed by Grinder for 4 turns
  2419 | D:3      | HP: 2/46 [Grinder (3)]
  2419 | D:3      | Slain by Grinder

Illustrated notes

Levels and vault maps discovered:
D:1:      ebering_hopf_link, layout_rooms,
          shapermc_ecumenical_altar_mp_urbaneastern,
          hangedman_decor_clover_reticule, grunt_decor_fettered
D:2:      minmay_recursive_quarters, layout_basic, chequers_big_river,
          uniq_sigmund
D:3:      layout_basic, cheibriados_altar_1, kennysheep_generic_room_2,
          uniq_grinder

Skill      XL: |  1  2  3  4 |
---------------+-------------+-----
Fighting       | 1 2 3 |  3.8
Unarmed Combat | 3 |  3.8
Shapeshifting  | 3 |  3.6
Dodging        | |  1.7

Action                     |  1- 3 |  4- 6 || total
---------------------------+-------+-------++-------
  Melee: Unarmed           |   123 |    18 ||   141
         Punch             |     2 |     2 ||     4
  Throw: Dart              |    10 |    17 ||    27
   Stab: Sleeping          |     2 |       ||     2
 Armour: Animal skin       |    50 |     4 ||    54
         Robe              |       |    15 ||    15
  Dodge: Dodged            |    68 |    15 ||    83

Table legend: (Time is in decaauts)
 A = Elapsed time spent in this place.
 B = Non-inter-level travel time spent in this place.
 C = Inter-level travel time spent in this place.
 D = Time resting spent in this place.
 E = Time spent auto-exploring this place.
 F = Levels seen in this place.
 G = Mean time per level.
                   A        B        C        D        E       F      G
               +--------+--------+--------+--------+--------+-----+--------+
         Total |   2421 |   2302 |    119 |      0 |   1963 |   3 |  807.0 |
       Dungeon |   2421 |   2302 |    119 |      0 |   1963 |   3 |  807.0 |
               +--------+--------+--------+--------+--------+-----+--------+

Top non-repeatable levels by time:
     D:2: 1665 daAuts
     D:1: 681 daAuts
     D:3: 73 daAuts
